 Dungeon Crawl Stone Soup version 0.22-a0-299-g43f9854 (webtiles) character file.

2230 4thArraOfDagon the Martial Artist (level 9, -6/74 HPs)
             Began as a Black Draconian Ice Elementalist on Mar 25, 2018.
             Was a Follower of Fedhas.
             Mangled by a yak (17 damage)
             ... on level 9 of the Dungeon.
             The game lasted 00:23:54 (4007 turns).

4thArraOfDagon the Martial Artist (DrIE)            Turns: 4007, Time: 00:23:55

Health: -6/74      AC:  9    Str: 10    XL:     9   Next: 14%
Magic:  12/12      EV: 14    Int: 21    God:    Fedhas [*.....]
Gold:   400        SH:  0    Dex: 12    Spells: 11/12 levels left

rFire    . . .     SeeInvis .     - Unarmed
rCold    . . .     Gourm    .   (no shield)
rNeg     . . .     Faith    .   (armour unavailable)
rPois    .         Spirit   .   i - +1 hat
rElec    +         Reflect  .   s - +0 cloak
rCorr    .         Harm     .   (no gloves)
MR       .....                  (no boots)
Stlth    +++.......             k - amulet of magic regeneration
HPRegen  0.22/turn              h - +2 ring of intelligence
MPRegen  0.38/turn              p - ring of stealth

@: no status effects
A: breathe lightning, unfitting armour, electricity resistance, cold-blooded, AC
+7
a: Breathe Lightning, Fungal Bloom, Evolution, Renounce Religion


You were on level 9 of the Dungeon.
You worshipped Fedhas.
Fedhas was aware of your devotion.
You were hungry.

You visited 2 branches of the dungeon, and saw 10 of its levels.

You collected 400 gold pieces.

Inventory:

Armour
 i - a +1 hat (worn)
 s - a +0 cloak (worn)
Magical Staves
 e - an uncursed staff of poison
Jewellery
 h - a +2 ring of intelligence (left hand)
 k - an amulet of magic regeneration (around neck)
 p - a ring of stealth (right hand)
Wands
 m - a wand of paralysis (6)
 r - a wand of flame (43)
 u - a wand of disintegration (2)
Scrolls
 a - a scroll of remove curse
 c - 2 scrolls of immolation
 f - 2 scrolls of amnesia
 n - a scroll of fog
 v - a scroll of noise {unknown}
 w - a scroll of random uselessness {unknown}
 x - a scroll of teleportation {unknown}
 y - a scroll of blinking {unknown}
Potions
 d - 2 potions of cancellation
 g - 3 potions of curing
 l - 2 potions of flight
 o - 4 potions of might
 q - 3 potions of berserk rage
 t - a potion of haste
 z - a potion of invisibility {unknown}
Comestibles
 b - 17 rations


   Skills:
 - Level 5.0 Fighting
 + Level 5.5 Dodging
 - Level 1.7 Stealth
 * Level 8.1 Unarmed Combat
 - Level 2.0 Spellcasting
   Level 1.0 Conjurations
 - Level 4.7 Ice Magic
 + Level 3.3 Invocations


You had 11 spell levels left.
You knew the following spells:

 Your Spells              Type           Power        Failure   Level  Hunger
a - Freeze                Ice            ###.         2%          1    #......


Dungeon Overview and Level Annotations

Branches:
Dungeon (9/15)             Temple (1/1) D:7            Lair (0/6) D:9
    Orc: D:9-12

Altars:
Dithmenos
Fedhas
Gozag
Hepliaklqana
Nemelex Xobeh
Okawaru
Qazlal
Trog
Xom
Yredelemnul
Zin
The Shining One

Shops:
D:5 *

Annotations:
D:5 Dowan, Duvessa
D:9 Erica


Innate Abilities, Weirdness & Mutations

You can breathe wild blasts of lightning.
Your glossy black scales are hard. (AC +7)
You cannot fit into any form of body armour.
You are resistant to electric shocks. (rElec)
You are cold-blooded and may be slowed by cold attacks.


Message History

A yak comes into view.
Unknown command.
As you read the scroll labeled QURYVY ORGHUXZI, it crumbles to dust.
It is a scroll of amnesia.
Okay, then.
Unknown command.
Unknown command.
As you read the scroll labeled CIMMOMI ECYZEA, it crumbles to dust.
You feel blessed for a moment.
It was a scroll of remove curse.
The yak gores you!!
* * * LOW HITPOINT WARNING * * *
Unknown command.
As you read the scroll labeled DABROL JUTTE, it crumbles to dust.
It is a scroll of brand weapon.
You aren't carrying any weapons that can be branded.
The yak gores you!
* * * LOW HITPOINT WARNING * * *
The yak gores you!
You die...
Fedhas appreciates your contribution to the ecosystem.

.... ....... .......
....Y.. ..oY.. ##### #
#####......
..#...##.####..#.oo###
..#......#.......Yo..#
..#.....@+....(Y@....#
..# #.....Z.....# ..#
#...........# ..#
#...........# ..#
##....###+### #####
#....###...# ......
#........... ......
#.......#### ......
#....####


You could see 4 yaks, an orc priest, an orc wizard, 2 orcs and a leopard gecko
zombie.

Vanquished Creatures
  A hippogriff (D:8)
  Menkaure (D:7)
  Edmund (D:5)
  2 orc warriors
  An ice beast (D:8)
  A black bear (D:9)
  2 ogres (D:9)
  A centaur (D:7)
  A crocodile (D:9)
  A big kobold (D:8)
  3 bullfrogs
  2 scorpions
  4 howler monkeys
  3 hounds
  A jelly (D:9)
  An orc priest (D:9)
  5 iguanas
  4 worker ants
  Ijyb (D:3)
  Terence (D:3)
  A hound skeleton (D:4)
  11 adders
  An ooze (D:6)
  4 worms
  A dart slug (D:2)
  19 orcs
  2 giant cockroaches
  A goblin (D:2)
  5 hobgoblins
  2 quokkas
  A ball python (D:3)
  2 bats
  4 frilled lizards
  A goblin zombie (D:4)
  5 kobolds
  A quokka skeleton (D:5)
  6 rats
104 creatures vanquished.

Vanquished Creatures (others)
  9 fungi (D:9)
  4 plants (D:9)
  47 toadstools
60 creatures vanquished.

Grand Total: 164 creatures vanquished

Notes
Turn   | Place    | Note
-------+----------+-------------------------------------------
     0 | D:1      | 4thArraOfDagon the Draconian Ice Elementalist began the quest for the Orb.
     0 | D:1      | Reached XP level 1. HP: 14/14 MP: 3/3
   292 | D:2      | Reached XP level 2. HP: 20/20 MP: 0/5
   408 | D:2      | Found a glowing golden altar of the Shining One.
   512 | D:3      | Noticed Terence
   549 | D:4      | Noticed a howler monkey
   556 | D:4      | Killed a howler monkey
   556 | D:4      | Reached XP level 3. HP: 21/26 MP: 0/6
   627 | D:5      | Entered Level 5 of the Dungeon
   659 | D:5      | Noticed Edmund
   693 | D:6      | Reached skill level 1 in Unarmed Combat
   693 | D:6      | Reached XP level 4. HP: 27/34 MP: 2/7
   732 | D:6      | Reached skill level 1 in Fighting
   814 | D:7      | Noticed Menkaure
  1086 | D:5      | Reached skill level 2 in Unarmed Combat
  1115 | D:5      | Reached XP level 5. HP: 33/40 MP: 2/8
  1290 | D:5      | Found Ivarypod's Elemental Accessories.
  1356 | D:6      | Reached skill level 3 in Unarmed Combat
  1460 | D:7      | Noticed an orc warrior
  1471 | D:7      | Killed an orc warrior
  1471 | D:7      | Reached XP level 6. HP: 24/50 MP: 4/9
  1728 | D:5      | Noticed Duvessa
  1728 | D:5      | Noticed Dowan
  1981 | D:7      | Found a shimmering altar of Xom.
  1986 | D:7      | Found a staircase to the Ecumenical Temple.
  2005 | Temple   | Entered the Ecumenical Temple
  2011 | Temple   | Became a worshipper of Fedhas Madash
  2054 | D:7      | Killed Menkaure
  2054 | D:7      | Reached skill level 4 in Unarmed Combat
  2259 | D:4      | Found a transporter.
  2264 | D:4      | Found a transporter.
  2265 | D:4      | Noticed a cyclops
  2276 | D:4      | Found a hazy altar of Hepliaklqana.
  2314 | D:4      | Your scales start taking on a glossy black colour.
  2314 | D:4      | Reached XP level 7. HP: 54/57 MP: 5/10
  2314 | D:4      | Gained mutation: You are resistant to electric shocks. (rElec) [Black Draconian growth]
  2525 | D:3      | Found an iron altar of Okawaru.
  2585 | D:3      | Killed Terence
  2697 | D:3      | Noticed Ijyb
  2719 | D:3      | Killed Ijyb
  2819 | D:2      | Reached * piety under Fedhas
  3205 | D:5      | Killed Edmund
  3205 | D:5      | Reached skill level 5 in Unarmed Combat
  3352 | D:8      | Reached XP level 8. HP: 23/67 MP: 4/11
  3413 | D:8      | Reached skill level 6 in Unarmed Combat
  3414 | D:8      | Noticed a hippogriff
  3431 | D:8      | Killed a hippogriff
  3482 | D:8      | Reached skill level 5 in Fighting
  3551 | D:8      | Reached skill level 1 in Invocations
  3610 | D:8      | Reached skill level 7 in Unarmed Combat
  3709 | D:8      | Reached skill level 5 in Dodging
  3902 | D:9      | Reached XP level 9. HP: 51/74 MP: 4/12
  3919 | D:9      | Reached skill level 8 in Unarmed Combat
  3959 | D:9      | Found a staircase to the Lair.
  3997 | D:9      | Noticed Erica
  4007 | D:9      | Mangled by a yak

Vault maps used:
D:1:      erik_arrival_orb_chamber, minivault_11
D:2:      minmay_wonky_spiral, nicolae_overflow_hidden_temple, first_ration
D:3:      nicolae_overflow_crystal_walls, nicolae_tso_swordbearing_angel,
          uniq_sigmund, uniq_terence, uniq_ijyb, uniq_crazy_yiuf_cottage
D:4:      gammafunk_temple_overflow_arena, enter_ossuary_4
D:5:      corexii_corridor_pit, minmay_misc_feat_chi, nicolae_elemental_shop,
          uniq_edmund, uniq_duvessa
D:7:      lemuel_crystal_altar, minmay_temple_entry_trees, uniq_menkaure
D:9:      due_lair_maze_entry_diamond, serial_shops, shop,
          hangedman_pestilent_swarm, uniq_erica
Temple:   eino_narrow_crystal_temple

Skill      XL: |  1  2  3  4  5  6  7  8  9 |
---------------+----------------------------+-----
Ice Magic      | 4 |  4.7
Dodging        | 2 3 4 5 |  5.5
Unarmed Combat | 1 2 3 4 5 7 8 |  8.1
Fighting       | 1 2 3 4 5 |  5.0
Invocations    | 2 3 |  3.3
Stealth        | |  1.7
Spellcasting   | |  2.0
Conjurations   | |  1.0

Action                   |  1- 3 |  4- 6 |  7- 9 || total
-------------------------+-------+-------+-------++-------
Melee: Unarmed           |    36 |    23 |    71 ||   130
       Tailslap          |     2 |     5 |     8 ||    15
       Punch             |       |       |     2 ||     2
 Cast: Freeze            |    25 |    61 |   171 ||   257
Invok: Fungal Bloom      |       |     1 |    18 ||    19
Evoke: Wand              |       |     7 |    20 ||    27
  Use: Scroll            |     5 |     8 |     5 ||    18
       Potion            |       |     3 |     4 ||     7
 Stab: Sleeping          |     2 |       |     2 ||     4
       Paralysed         |       |    12 |    13 ||    25
  Eat: Chunk             |       |     5 |     7 ||    12
Armor: Skin              |    13 |    21 |    57 ||    91
Dodge: Dodged            |    29 |    81 |   119 ||   229

Table legend:
 A = Spawn XP
 B = Non-spawn XP
 C = Spawn XP percentage of total XP
 D = Spawn monster count
 E = Non-spawn monster count
 F = Spawn count percentage of total count
 G = Total turns spent on level
                    A         B        C        D         E        F      G
               +---------+---------+-------+---------+---------+-------+---------
         Total |       0 |    3187 |   0.0 |       0 |     104 |   0.0 |  4007
               +---------+---------+-------+---------+---------+-------+---------
           D:1 |       0 |       8 |   0.0 |       0 |       6 |   0.0 |   252
           D:2 |       0 |      10 |   0.0 |       0 |       5 |   0.0 |   259
           D:3 |       0 |     123 |   0.0 |       0 |      19 |   0.0 |   520
           D:4 |       0 |     145 |   0.0 |       0 |      11 |   0.0 |   455
           D:5 |       0 |     370 |   0.0 |       0 |      12 |   0.0 |   656
           D:6 |       0 |     109 |   0.0 |       0 |       5 |   0.0 |   584
           D:7 |       0 |     533 |   0.0 |       0 |      14 |   0.0 |   573
           D:8 |       0 |    1078 |   0.0 |       0 |      22 |   0.0 |   443
           D:9 |       0 |     811 |   0.0 |       0 |      10 |   0.0 |   252
               +---------+---------+-------+---------+---------+-------+---------
